 Dungeon Crawl Stone Soup version 0.28-a0-1567-g1695149f81 (webtiles) character file.

Game seed: 1444632671924308002

340 lessens the Ruffian (level 6, -5/59 HPs)
             Began as a Troll Fighter on Jan 19, 2022.
             Was an Initiate of Okawaru.
             Slain by Blork the orc (10 damage)
             ... on level 5 of the Dungeon.
             The game lasted 00:02:55 (2626 turns).

lessens the Ruffian (Troll Fighter)                 Turns: 2626, Time: 00:02:56

Health: -5/59      AC:  6    Str: 31    XL:     6   Next: 30%
Magic:  5/5        EV:  8    Int:  4    God:    Okawaru [......]
Gold:   123        SH:  7    Dex:  9    Spells: 5/5 levels left

rFire   . . .      SeeInvis .     - Unarmed
rCold   + . .      Faith    .   b - +0 kite shield
rNeg    + . .      Spirit   .   k - +2 robe "Jipre" {rC+ rN+ Str+4}
rPois   .          Reflect  .   (helmet restricted)
rElec   .          Harm     .   (no cloak)
rCorr   .          Rampage  .   (gloves unavailable)
Will    .....                   (boots unavailable)
Stlth   +.........              (no amulet)
HPRegen 0.99/turn               (no ring)
MPRegen 0.09/turn               (no ring)

@: brilliant
A: large, unfitting armour, claws 3, regeneration 1, shaggy fur 1, tough skin 1
a: Renounce Religion


You were on level 5 of the Dungeon.
You worshipped Okawaru.
Okawaru was noncommittal.
You visited 2 branches of the dungeon, and saw 6 of its levels.

You collected 123 gold pieces.

Inventory:

Missiles
 e - 83 stones (quivered)
 l - 2 poisoned darts
Armour
 a - a +0 robe
 b - a +0 kite shield (worn)
 k - the +2 robe "Jipre" (worn) {rC+ rN+ Str+4}
   (You found it on level 2 of the Dungeon)

   Str:       It affects your strength (+4).
   rC:        It protects you from cold.
   rN:        It protects you from negative energy.
Wands
 i - a wand of iceblast (2)
 n - a wand of flame (21)
Scrolls
 d - 2 scrolls of teleportation {unknown}
 f - 3 scrolls of identify {unknown}
 h - a scroll of amnesia {unknown}
 j - a scroll of immolation {unknown}
Potions
 c - a potion of might
 m - a potion of curing {unknown}


   Skills:
 - Level 2.4 Fighting
 - Level 2.4 Dodging
 - Level 2.4 Shields
 + Level 6.8 Unarmed Combat


You had 5 spell levels left.
You didn't know any spells.
Your spell library contained the following spells:

 Spells                   Type           Power      Damage    Failure   Level
 Gell's Gravitas          Tloc           0%         N/A       99%         3
 Teleport Other           Tloc           0%         N/A       99%         3
 Dispersal                Tloc           0%         N/A       100%        6


Dungeon Overview and Level Annotations

Branches:
Dungeon (5/15)             Temple (1/1) D:5

Altars:
Cheibriados
Fedhas
Gozag
Hepliaklqana
Kikubaaqudgha
Makhleb
Nemelex Xobeh
Okawaru
Qazlal
Ru
Trog
Uskayaw
Wu Jian
Xom
Yredelemnul
Zin

Annotations:
D:5 Blork the orc


Innate Abilities, Weirdness & Mutations

You are too large for most types of armour.
You have claws for hands.
Your natural rate of healing is unusually fast.
You are covered in fur. (AC +1)
You have tough skin. (AC +1)


Message History

Blork the orc comes into view.
He is wielding a +0 vorpal glaive.
The orc hits you with a +0 mace!
Blork the orc mumbles some strange words.
Blork the orc seems to speed up.
There is an open door here.
You completely miss the orc priest. You block the orc priest's attack.
The orc hits you with a +0 mace.
You barely miss the orc priest. You block Blork the orc's attack.
The orc priest closely misses you. The orc hits you with a +0 mace.
You claw the orc priest!
The orc priest is heavily wounded.
Blork the orc barely misses you.
The orc priest hits you but does no damage.
You closely miss the orc priest.
The orc priest is heavily wounded.
Blork the orc barely misses you. You block Blork the orc's attack.
The orc priest miscasts a cantrip.
You scratch the orc priest.
The orc priest is severely wounded.
Blork the orc hits you from afar with a +0 vorpal glaive.
The orc priest hits you with a +0 dagger.
You block Blork the orc's attack.
You barely miss the orc priest.
The orc priest is severely wounded.
Blork the orc closely misses you.
The orc priest hits you but does no damage.
You claw the orc priest!
You kill the orc priest!
Okawaru accepts your kill. Blork the orc barely misses you.
Blork the orc hits you from afar with a +0 vorpal glaive!
* * * LOW HITPOINT WARNING * * *
Blork the orc hits you from afar with a +0 vorpal glaive!
* * * LOW HITPOINT WARNING * * *
x2 It was a potion of brilliance.
You feel clever all of a sudden.
Blork the orc screams, "I'll decorate my home with your organs!"
Blork the orc barely misses you.
Blork the orc hits you from afar with a +0 vorpal glaive!
You die...

##....#.#.#.....#.......
#....#.#.#.#....#.......
#.....#)>.#.....#
#....#.#)#.#....#
#....#)#.#..##+#
#.....#.#...#
#...........#
+...........#
#.....@.....#
#...........#
#...[..o....#
########o.### ##o#
........# .......o#
........# ##+####+#


You could see Blork the orc (fast), an orc priest and an orc.

Vanquished Creatures
  An orc warrior (D:5)
  A necrophage (D:5)
  An orc priest (D:5)
  6 adders
  A white imp (D:5)
  2 worms (D:2)
  3 dart slugs
  2 orcs (D:5)
  5 endoplasms
  2 giant cockroaches
  7 goblins
  8 hobgoblins
  9 kobolds
  2 quokkas
  5 ball pythons
  5 bats
  5 frilled lizards
  7 rats
72 creatures vanquished.

Notes
Turn   | Place    | Note
-------+----------+-------------------------------------------
     0 | D:1      | lessens the Troll Fighter began the quest for the Orb.
     0 | D:1      | Reached XP level 1. HP: 22/22 MP: 0/0
   169 | D:1      | Reached XP level 2. HP: 28/29 MP: 1/1
   230 | D:1      | Reached skill level 3 in Unarmed Combat
   572 | D:2      | Found a hazy altar of Hepliaklqana.
   653 | D:2      | Reached XP level 3. HP: 36/36 MP: 2/2
   743 | D:2      | Reached skill level 4 in Unarmed Combat
  1035 | D:2      | Reached XP level 4. HP: 44/44 MP: 3/3
  1203 | D:2      | Identified the +2 robe "Jipre" {rC+ rN+ Str+4}
  1773 | D:3      | Found a faded altar of an unknown god.
  2130 | D:3      | Reached skill level 5 in Unarmed Combat
  2463 | D:4      | You fall into a shaft and drop 1 floor!
  2463 | D:5      | Entered Level 5 of the Dungeon
  2472 | D:5      | Found a staircase to the Ecumenical Temple.
  2481 | Temple   | Entered the Ecumenical Temple
  2570 | Temple   | Became a worshipper of Warmaster Okawaru
  2591 | D:5      | Reached XP level 5. HP: 44/50 MP: 4/4
  2591 | D:5      | Noticed an orc warrior
  2591 | D:5      | Noticed a necrophage
  2599 | D:5      | Killed an orc warrior
  2600 | D:5      | Reached skill level 6 in Unarmed Combat
  2604 | D:5      | Killed a necrophage
  2605 | D:5      | Reached XP level 6. HP: 38/59 MP: 5/5
  2613 | D:5      | Noticed Blork the orc
  2626 | D:5      | Slain by Blork the orc

Illustrated notes

Levels and vault maps discovered:
D:1:      zaba_arrival_water, layout_rooms
D:2:      layout_basic, basic_altar, grunt_ministairs_13
D:3:      layout_basic, hellmonk_ecumenical_altar_slurped_away
D:4:      layout_basic, mainiacjoe_overflow_cross_hatched,
          gammafunk_ghost_mausoleum, serial_shops, shop, uniq_crazy_yiuf_cottage
D:5:      layout_gridville, minmay_temple_entry_grid, uniq_blork_the_orc,
          uniq_edmund, uniq_pikel
Temple:   lightli_temple_of_artemis

Skill      XL: |  1  2  3  4  5 |
---------------+----------------+-----
Unarmed Combat | 3 4 5 6 |  6.8
Fighting       | |  2.4
Dodging        | |  2.4
Shields        | |  2.4

Action                   |  1- 3 |  4- 6 || total
-------------------------+-------+-------++-------
Melee: Unarmed           |   107 |    81 ||   188
  Use: Potion            |       |     1 ||     1
Armor: Robe              |    33 |    22 ||    55
Dodge: Dodged            |    26 |    30 ||    56
Block: Kite shield       |    41 |    18 ||    59

Table legend: (Time is in decaauts)
 A = Elapsed time spent in this place.
 B = Non-inter-level travel time spent in this place.
 C = Inter-level travel time spent in this place.
 D = Time resting spent in this place.
 E = Time spent auto-exploring this place.
 F = Levels seen in this place.
 G = Mean time per level.
                   A        B        C        D        E       F      G
               +--------+--------+--------+--------+--------+-----+--------+
         Total |   2643 |   2492 |    151 |      0 |   2015 |   6 |  440.5 |
       Dungeon |   2536 |   2402 |    134 |      0 |   1936 |   5 |  507.2 |
        Temple |    106 |     89 |     17 |      0 |     79 |   1 |  106.0 |
               +--------+--------+--------+--------+--------+-----+--------+

Top non-repeatable levels by time:
     D:2: 991 daAuts
     D:3: 923 daAuts
     D:1: 539 daAuts
  Temple: 106 daAuts
     D:5: 56 daAuts
     D:4: 25 daAuts
